 Dungeon Crawl Stone Soup version 0.24.1-4-ge52af88ad5 (webtiles) character file.

Game seed: 15218154872742342034, levelgen mode: deterministic

2195 Goreval the Arsonist (level 9, -1/45 HPs)
             Began as a Deep Elf Fire Elementalist on Apr 19, 2020.
             Was a Follower of Vehumet.
             Slain by a killer bee (4 damage)
             ... on level 6 of the Dungeon on Apr 20, 2020.
             The game lasted 00:15:44 (9133 turns).

Goreval the Arsonist (Deep Elf Fire Elementalist)   Turns: 9133, Time: 00:15:44

Health: -1/45      AC:  2    Str: 10    XL:     9   Next: 12%
Magic:  15/18      EV: 16    Int: 24    God:    Vehumet [*.....]
Gold:   248        SH:  0    Dex: 15    Spells: 4/18 levels left

rFire    . . .     SeeInvis .   (no weapon)
rCold    . . .     Gourm    .   (no shield)
rNeg     . . .     Faith    .   a - +0 robe
rPois    .         Spirit   .   (no helmet)
rElec    .         Reflect  .   (no cloak)
rCorr    .         Harm     .   (no gloves)
MR       .....                  (no boots)
Stlth    ++........             (no amulet)
HPRegen  0.15/turn              (no ring)
MPRegen  0.16/turn              (no ring)

@: mighty, lethally poisoned (-1 -> -17)
A: no striking features
a: Renounce Religion


You were on level 6 of the Dungeon.
You worshipped Vehumet.
Vehumet was aware of your devotion.
You were not hungry.

You visited 2 branches of the dungeon, and saw 8 of its levels.

You collected 248 gold pieces.

Inventory:

Missiles
 e - 173 stones (quivered) {don't use}
Armour
 a - a +0 robe (worn)
 p - a +0 buckler
 x - a +0 pair of boots
Jewellery
 D - a +2 ring of protection {unknown}
Wands
 i - a wand of digging (3)
 q - a wand of paralysis (8)
 A - a wand of scattershot (6)
Scrolls
 b - 4 scrolls of immolation {unknown}
 h - 4 scrolls of enchant weapon {unknown}
 j - 3 scrolls of amnesia {unknown}
 k - 2 scrolls of blinking {unknown}
 n - 3 scrolls of remove curse {unknown}
 s - 2 scrolls of enchant armour {unknown}
 t - 8 scrolls of identify {unknown}
 u - 3 scrolls of teleportation {unknown}
 y - a scroll of fear {unknown}
 z - a scroll of torment {unknown}
 E - a scroll of brand weapon {unknown}
Potions
 d - 2 potions of degeneration {unknown}
 f - a potion of berserk rage {unknown}
 g - a potion of invisibility {unknown}
 l - 2 potions of brilliance {unknown}
 m - a potion of haste {unknown}
 o - 2 potions of lignification {unknown}
 r - a potion of curing {unknown}
 v - a potion of heal wounds
 w - a potion of might
 B - a potion of ambrosia {unknown}
 C - a potion of flight {unknown}
Comestibles
 c - 4 rations


   Skills:
 + Level 6.6 Dodging
 - Level 2.4 Stealth
 - Level 5.0 Spellcasting
 * Level 8.1 Conjurations
 * Level 8.8 Fire Magic


You had 4 spell levels left.
You knew the following spells:

 Your Spells              Type           Power        Failure   Level  Hunger
a - Flame Tongue          Conj/Fire      #####        1%          1    None
b - Throw Flame           Conj/Fire      #####.       1%          2    None
c - Conjure Flame         Conj/Fire      #####...     1%          3    ##.....
d - Inner Flame           Hex/Fire       ####....     4%          3    ##.....
e - Fireball              Conj/Fire      #####.....   8%          5    #####..

Your spell library contained the following spells:

 Spells                   Type           Power        Failure   Level  Hunger
 Shock                    Conj/Air       ####         1%          1    None
 Sticky Flame             Conj/Fire      #####...     2%          4    ####...


Dungeon Overview and Level Annotations

Branches:
Dungeon (7/15)             Temple (1/1) D:4

Altars:
Ashenzari
Cheibriados
Dithmenos
Elyvilon
Fedhas
Gozag
Kikubaaqudgha
Makhleb
Nemelex Xobeh
Okawaru
Qazlal
Ru
Sif Muna
Trog
Vehumet
Wu Jian
Xom
Yredelemnul
Zin
The Shining One

Shops:
D:5 (

Annotations:
D:5 3 runed translucent doors, Teivard's ghost, novice GnWn; Thomus's ghost, novice MiBe; kalodont's ghost, novice KoEn


Message History

You are lethally poisoned!
The killer bee poisons you!
Okay, then.
Okay, then.
Okay, then.
It was a potion of heal wounds.
You feel much better.
You feel sick. The killer bee stings you.
You are more poisoned.
The killer bee poisons you!
The killer bee stings you but does no damage.
The killer bee stings you!
* * * LOW HITPOINT WARNING * * *
The killer bee stings you!
* * * LOW HITPOINT WARNING * * *
It was a potion of might.
You feel very mighty all of a sudden.
* * * LOW HITPOINT WARNING * * *
You feel sick. The killer bee completely misses you.
The killer bee closely misses you. The killer bee stings you.
You die...

################
###.....#...##...##
##...........#.....######
#....###............##..#
##....##......yy....#...#
###............[@##[.....##
#...............####[.....##
..............### ##.......#
..............## #.......##
....##....#....####........#### #
#.###.............###[....##..###
.........[...#.##.#.#.[.........#
...........#.#..........#........
...........#.>...........#.......


You could see 2 killer bees.

Vanquished Creatures
  Menkaure (D:4)
  An orc warrior (D:6)
  2 sky beasts
  2 ogres (D:4)
  4 centaurs
  2 bullfrogs (D:6)
  A scorpion (D:5)
  3 wights
  A howler monkey (D:5)
  2 jellies
  3 orc priests
  2 hounds (D:5)
  5 orc wizards (D:6)
  A bullfrog skeleton (D:5)
  2 centaur skeletons
  2 iguanas (D:5)
  Natasha (thrice) (D:2)
  5 worker ants
  3 hound skeletons
  4 gnolls (D:2)
  10 adders
  A shadow imp (D:5)
  An ooze (D:2)
  2 adder skeletons
  3 worms
  5 dart slugs
  A leopard gecko (D:2)
  15 orcs
  6 giant cockroaches
  9 goblins
  4 hobgoblins (D:2)
  5 jackals
  7 quokkas
  A ball python (D:2)
  9 bats
  7 frilled lizards
  A jackal skeleton (D:6)
  9 kobolds
  6 rats
151 creatures vanquished.

Vanquished Creatures (others)
  An orc wizard (D:6)
1 creature vanquished.

Grand Total: 152 creatures vanquished

Notes
Turn   | Place    | Note
-------+----------+-------------------------------------------
     0 | D:1      | Goreval the Deep Elf Fire Elementalist began the quest for
                  | the Orb.
     0 | D:1      | Reached XP level 1. HP: 10/10 MP: 6/6
   192 | D:1      | Reached XP level 2. HP: 15/15 MP: 2/8
   199 | D:1      | Learned a level 2 spell: Throw Flame
  1220 | D:2      | Reached XP level 3. HP: 19/19 MP: 6/10
  1220 | D:2      | Noticed Natasha
  1227 | D:2      | Killed Natasha
  1757 | D:2      | Reached XP level 4. HP: 24/24 MP: 9/11
  1822 | D:2      | Learned a level 3 spell: Conjure Flame
  1826 | D:2      | Learned a level 3 spell: Inner Flame
  2237 | D:2      | Found a faded altar of an unknown god.
  2239 | D:2      | Noticed Natasha
  2242 | D:2      | Killed Natasha
  2242 | D:2      | Reached XP level 5. HP: 28/28 MP: 9/13
  2626 | D:2      | Noticed Natasha
  2631 | D:2      | Killed Natasha
  3030 | D:3      | Found a blossoming altar of Fedhas.
  3160 | D:3      | Reached skill level 5 in Fire Magic
  3876 | D:4      | Reached XP level 6. HP: 32/32 MP: 10/14
  3912 | D:4      | Found a white marble altar of Elyvilon.
  4032 | D:4      | Noticed Menkaure
  4163 | D:4      | Killed Menkaure
  4163 | D:4      | Reached skill level 5 in Spellcasting
  4163 | D:4      | Reached XP level 7. HP: 20/36 MP: 13/16
  4401 | D:4      | Found a staircase to the Ecumenical Temple.
  4653 | Temple   | Entered the Ecumenical Temple
  4853 | Temple   | Became a worshipper of Vehumet
  4892 | D:5      | Entered Level 5 of the Dungeon
  5035 | D:5      | Found Amatwus's Antique Weapon Boutique.
  5041 | D:5      | Reached skill level 5 in Conjurations
  5064 | D:5      | Found an iron altar of Okawaru.
  5580 | D:5      | Reached skill level 5 in Dodging
  5659 | D:5      | Found a burning altar of Makhleb.
  5802 | D:5      | Found a runed translucent gate.
  5804 | D:5      | Found a runed translucent gate.
  5804 | D:5      | Noticed Teivard's ghost (novice GnWn)
  5804 | D:5      | Noticed Thomus's ghost (novice MiBe)
  5804 | D:5      | Noticed kalodont's ghost (novice KoEn)
  5805 | D:5      | Found a runed translucent gate.
  5851 | D:5      | Found a sacrificial altar of Ru.
  6024 | D:5      | Found a shattered altar of Ashenzari.
  6025 | D:5      | Found an ancient bone altar of Kikubaaqudgha.
  6250 | D:5      | Reached XP level 8. HP: 41/41 MP: 13/17
  6363 | D:5      | Reached * piety under Vehumet
  6363 | D:5      | Offered knowledge of Shock by Vehumet.
  7241 | D:6      | Learned a level 5 spell: Fireball
  8016 | D:6      | Reached XP level 9. HP: 20/45 MP: 12/18
  8858 | D:6      | Found a shimmering blue altar of Sif Muna.
  9133 | D:6      | Slain by a killer bee

Levels and vault maps discovered:
D:1:      sevenhm_arrival_forest_fort_small_3, layout_basic, minivault_24
D:2:      layout_basic, chequers_ecumenical_altar_simple,
          chequers_serial_rivers_large_b, minmay_3d_cube, uniq_natasha
D:3:      layout_loops_ring, fedhas_ov_isle_minmay
D:4:      layout_cave_pools, elyvilon_altar_4, minmay_temple_entry_hall,
          first_ration, uniq_menkaure
D:5:      minmay_clustersquares, layout_basic, old_standard_altar,
          lemuel_round_altar, gammafunk_temple_overflow_pools, serial_shops,
          shop, gammafunk_ghost_cemetery, okawaru_ov_weapons_minmay
D:6:      kennysheep_orc_sif_temple, layout_cave_pools
D:7:      layout_rooms, lemuel_round_altar, kennysheep_mini_moat,
          grunt_ogre_cave, uniq_pikel, uniq_crazy_yiuf_cottage
Temple:   eino_narrow_crystal_temple

Skill      XL: |  1  2  3  4  5  6  7  8  9 |
---------------+----------------------------+-----
Conjurations   | 2 3 4 6 7 8 |  8.1
Fire Magic     | 4 5 7 8 |  8.8
Dodging        | 3 4 5 6 |  6.6
Spellcasting   | 4 5 |  5.0
Stealth        | |  2.4

Action                   |  1- 3 |  4- 6 |  7- 9 || total
-------------------------+-------+-------+-------++-------
Melee: Unarmed           |       |       |     1 ||     1
 Cast: Flame Tongue      |    69 |   109 |   220 ||   398
       Conjure Flame     |       |     2 |     3 ||     5
       Fireball          |       |       |     1 ||     1
  Use: Potion            |       |       |     2 ||     2
  Eat: Chunk             |     2 |     8 |    12 ||    22
       Ration            |       |       |     1 ||     1
Armor: Robe              |     1 |     8 |    11 ||    20
Dodge: Dodged            |    15 |    27 |    99 ||   141
